[Event "EYCC 2017"]
[Site "Mamaia"]
[Date "2017.09.09"]
[Round "5"]
[White "Fiszer, Bartosz"]
[Black "Mogirzan, Matei-Valeriu"]
[Result "1-0"]
[ECO "B41"]
[WhiteElo "2009"]
[BlackElo "1575"]
[Annotator "NA"]
[PlyCount "69"]
[EventDate "2017.??.??"]
[EventType "swiss"]
[EventCountry "ROU"]
[SourceTitle "playchess.com"]
[Source "ChessBase"]
[SourceQuality "1"]
[TimeControl "40/5400+30:1800+30"]

1. e4 c5 2. Nf3 e6 3. d4 cxd4 4. Nxd4 a6 5. c4 Nf6 6. Nc3 Qc7 7. Be2 Bb4 8. O-O d6 9. f3 Bxc3 10. bxc3 Nbd7 11. Bg5 O-O 12. Qd2 Re8 13. Rfe1 b6 14. Nb3 Bb7 15. Bf4 Ne5 16. Rad1 Rad8 17. Bxe5 dxe5 18. Qe3 Nh5 19. c5 b5 20. c4 b4 21. a3 bxa3 22. Ra1 Rd7 23. g3 Red8 24. Rxa3 Nf6 25. Rb1 Bc8 26. Ra2 Rd4 27. Nxd4 exd4 28. Qa3 d3 29. Bxd3 e5 30. Be2 h5 31. Qa5 Qe7 32. Rd1 Rxd1+ 33. Bxd1 h4 34. Rd2 Bh3 35. Qd8+ 1-0

[Event "EYCC 2017"]
[Site "Mamaia"]
[Date "2017.09.09"]
[Round "5"]
[White "Srdanovic, Jovana"]
[Black "Beydullayeva, Govhar"]
[Result "0-1"]
[ECO "D00"]
[WhiteElo "1994"]
[BlackElo "2164"]
[Annotator "NA"]
[PlyCount "72"]
[EventDate "2017.??.??"]
[EventType "swiss"]
[EventCountry "ROU"]
[SourceTitle "playchess.com"]
[Source "ChessBase"]
[SourceQuality "1"]
[TimeControl "40/5400+30:1800+30"]

1. d4 d5 2. Bf4 c5 3. e3 Nc6 4. c3 f6 5. Bb5 a6 6. Bxc6+ bxc6 7. Nd2 g6 8. Ngf3 Nh6 9. e4 Nf7 10. O-O Bg7 11. exd5 cxd5 12. Re1 O-O 13. Nb3 cxd4 14. cxd4 Re8 15. Rc1 e5 16. Bd2 e4 17. Ba5 Qd6 18. Nfd2 f5 19. Nb1 Ng5 20. Qc2 Ne6 21. Qd2 Bf6 22. Rc3 Bd7 23. Na3 f4 24. Nc2 Bb5 25. Nc5 Bg5 26. Qd1 Rac8 27. Bb4 Nxc5 28. Bxc5 Qe6 29. Na3 Bd7 30. Qe2 Qf6 31. Rb3 f3 32. Qf1 Bg4 33. Rb6 Qf5 34. g3 e3 35. Qxa6 exf2+ 36. Kxf2 Rxe1 0-1

[Event "EYCC 2017"]
[Site "Mamaia"]
[Date "2017.09.09"]
[Round "5"]
[White "Jarocka, Liwia"]
[Black "Koubova, Anna Marie"]
[Result "1/2-1/2"]
[ECO "B40"]
[WhiteElo "1970"]
[BlackElo "1805"]
[Annotator "NA"]
[PlyCount "67"]
[EventDate "2017.??.??"]
[EventType "swiss"]
[EventCountry "ROU"]
[SourceTitle "playchess.com"]
[Source "ChessBase"]
[SourceQuality "1"]
[TimeControl "40/5400+30:1800+30"]

1. e4 c5 2. Nf3 e6 3. d4 cxd4 4. Nxd4 Nf6 5. Nc3 Nc6 6. a3 Be7 7. Nxc6 {[%emt 0:01:01] B45: Sicilian Four Knights} bxc6 8. e5 Nd5 9. Qg4 g6 10. Ne4 f5 $146 ({Predecessor:} 10... d6 11. Nxd6+ Bxd6 12. exd6 Qxd6 13. Qg3 Qxg3 14. hxg3 e5 {1-0 (57) Short,N (2646)-Alfaya Marcelo,R (2097) Madrid 2016}) 11. exf6 Nxf6 12. Nxf6+ Bxf6 13. Bd3 Qe7 14. O-O O-O 15. c3 d5 16. Bh6 Rf7 17. Be3 e5 18. Qa4 Bd7 19. Qc2 e4 20. Be2 Be5 21. Bd4 Bd6 22. b4 Qh4 23. g3 Qh3 24. Rfe1 Bg4 25. c4 Bxe2 26. Qxe2 Rf5 27. Qf1 Qxf1+ 28. Kxf1 Be5 29. Rad1 Bxd4 30. Rxd4 Raf8 31. Rd2 Kf7 32. b5 cxb5 33. cxd5 Rd8 $11 34. d6 1/2-1/2

[Event "EYCC 2017"]
[Site "Mamaia"]
[Date "2017.09.09"]
[Round "5"]
[White "Maurizzi, Marc Andria"]
[Black "Klimkowski, Jan"]
[Result "1-0"]
[ECO "B24"]
[WhiteElo "1947"]
[BlackElo "1761"]
[Annotator "NA"]
[PlyCount "57"]
[EventDate "2017.??.??"]
[EventType "swiss"]
[EventCountry "ROU"]
[SourceTitle "playchess.com"]
[Source "ChessBase"]
[SourceQuality "1"]
[TimeControl "40/5400+30:1800+30"]

1. e4 c5 2. Nc3 Nc6 3. Nf3 g6 4. Bb5 Bg7 5. O-O Nd4 6. Ba4 Rb8 7. Nxd4 cxd4 8. Ne2 b5 9. Bb3 Bb7 10. d3 d5 11. Ng3 dxe4 12. Nxe4 Nf6 13. Nxf6+ Bxf6 14. Bh6 e6 15. a4 b4 16. a5 Bc6 17. Qg4 Bd5 18. Ba4+ Ke7 19. Bg5 Bxg5 20. Qxg5+ f6 21. Qh4 Ba8 22. Rfe1 Qd5 23. f3 g5 24. Qh6 e5 25. Bb3 Qd8 26. Rxe5+ Kd7 27. Qg7+ Kc6 28. Re6+ Kc5 29. Qxa7+ {Kd5} 1-0

[Event "EYCC 2017"]
[Site "Mamaia"]
[Date "2017.09.09"]
[Round "5"]
[White "Verbin, Valentina"]
[Black "Shafigullina, Zarina"]
[Result "1/2-1/2"]
[ECO "A30"]
[WhiteElo "1947"]
[BlackElo "2130"]
[Annotator "NA"]
[PlyCount "59"]
[EventDate "2017.??.??"]
[EventType "swiss"]
[EventCountry "ROU"]
[SourceTitle "playchess.com"]
[Source "ChessBase"]
[SourceQuality "1"]
[TimeControl "40/5400+30:1800+30"]

1. Nf3 Nf6 2. g3 e6 3. c4 b6 4. Bg2 Bb7 5. Nc3 c5 6. O-O Be7 7. d4 cxd4 8. Qxd4 O-O 9. Bg5 h6 10. Bxf6 Bxf6 11. Qf4 Nc6 12. Rad1 Ne7 13. Ne5 Bxe5 14. Qxe5 Bxg2 15. Kxg2 Nf5 16. e4 d6 17. Qf4 Nd4 18. Qd2 e5 19. Nb5 Nxb5 20. cxb5 Qd7 21. Qb4 Qe6 22. Rd5 Rac8 23. Rfd1 Rc5 24. b3 Rd8 25. Qd2 Rxd5 26. Qxd5 Qxd5 27. Rxd5 Kf8 28. Rd2 Rd7 29. Rc2 Ke7 30. Rc8 1/2-1/2

[Event "EYCC 2017"]
[Site "Mamaia"]
[Date "2017.09.09"]
[Round "5"]
[White "Can, Isil"]
[Black "Zhurova, Anna"]
[Result "1/2-1/2"]
[ECO "B77"]
[WhiteElo "1945"]
[BlackElo "1864"]
[Annotator "NA"]
[PlyCount "79"]
[EventDate "2017.??.??"]
[EventType "swiss"]
[EventCountry "ROU"]
[SourceTitle "playchess.com"]
[Source "ChessBase"]
[SourceQuality "1"]
[TimeControl "40/5400+30:1800+30"]

1. e4 c5 2. Nf3 d6 3. d4 cxd4 4. Nxd4 Nf6 5. Nc3 g6 6. Be3 Bg7 7. f3 O-O 8. Qd2 Nc6 9. Bc4 Bd7 10. h4 Qa5 11. O-O-O Rfc8 12. Bb3 Ne5 13. h5 Nxh5 14. Nd5 Qxd2+ 15. Rxd2 Kf8 16. g4 Nf6 17. Nxf6 Bxf6 18. Rxh7 Nc4 19. Bxc4 Rxc4 20. c3 Rac8 21. Nc2 Kg8 22. Rdh2 Ba4 23. Bxa7 Bxc2 24. Kxc2 Ra4 25. Be3 Rxa2 26. Kb3 Ra5 27. Bd4 e5 28. Be3 d5 29. exd5 Rxd5 30. Bg5 Bg7 31. Be7 Rc7 32. Bb4 b5 33. R7h3 Rc4 34. Re2 Rd1 35. Kc2 Rd5 36. Re4 Rdd4 37. Rxd4 exd4 38. Kd3 dxc3 39. Bxc3 Bxc3 40. bxc3 1/2-1/2

[Event "EYCC 2017"]
[Site "Mamaia"]
[Date "2017.09.09"]
[Round "5"]
[White "Jakab, Kincso"]
[Black "Szucs, Edina"]
[Result "0-1"]
[ECO "C28"]
[WhiteElo "1944"]
[BlackElo "2023"]
[Annotator "NA"]
[PlyCount "56"]
[EventDate "2017.??.??"]
[EventType "swiss"]
[EventCountry "ROU"]
[SourceTitle "playchess.com"]
[Source "ChessBase"]
[SourceQuality "1"]
[TimeControl "40/5400+30:1800+30"]

1. e4 e5 2. Bc4 Nc6 3. Nc3 Nf6 4. d3 Bc5 5. f4 d6 6. Nf3 Bg4 7. h3 Bxf3 8. Qxf3 Nd4 9. Qd1 Qe7 10. f5 Nd7 11. h4 Nb6 12. Nd5 Nxd5 13. Bxd5 c6 14. Bb3 O-O-O 15. c3 Nxb3 16. Qxb3 d5 17. Bd2 dxe4 18. dxe4 Bf2+ 19. Ke2 Bxh4 20. Rad1 Bg5 21. Rh5 Rxd2+ 22. Rxd2 Bxd2 23. Kxd2 g6 24. fxg6 Rd8+ 25. Ke2 hxg6 26. Rh7 Qg5 27. Rxf7 Rd2+ 28. Ke1 Qe3+ 0-1

[Event "EYCC 2017"]
[Site "Mamaia"]
[Date "2017.09.09"]
[Round "5"]
[White "Wikar, Martyna"]
[Black "Hakobyan, Astghik"]
[Result "1-0"]
[ECO "C07"]
[WhiteElo "1943"]
[BlackElo "1708"]
[Annotator "NA"]
[PlyCount "109"]
[EventDate "2017.??.??"]
[EventType "swiss"]
[EventCountry "ROU"]
[SourceTitle "playchess.com"]
[Source "ChessBase"]
[SourceQuality "1"]
[TimeControl "40/5400+30:1800+30"]

1. e4 e6 2. d4 d5 3. Nd2 c5 4. exd5 Qxd5 5. Ngf3 cxd4 6. Bc4 Qd6 7. O-O Nf6 8. Nb3 Nc6 9. Nbxd4 Nxd4 10. Nxd4 a6 11. c3 Be7 12. Qe2 O-O 13. Re1 b5 14. Bb3 Bb7 15. Bg5 Ne4 16. Bxe7 Qxe7 17. Bc2 Nf6 18. Rad1 Rfd8 19. Rd3 Qc5 20. Bb3 e5 21. Nc2 e4 22. Rxd8+ Rxd8 23. Nd4 b4 24. Qe3 bxc3 25. bxc3 Rc8 26. Rc1 Qe5 27. Nf3 Qe7 28. Ng5 Rf8 29. Rd1 h6 30. Nh3 Rc8 31. Nf4 Kh8 32. h3 Qc7 33. Ne2 Re8 34. Rd4 Bc8 35. Ng3 Qb7 36. Qf4 Be6 37. Nxe4 Nh5 38. Qe5 Qb5 39. Qxb5 axb5 40. Nd6 Rf8 41. Nxb5 Rb8 42. Bxe6 fxe6 43. a4 Nf6 44. c4 e5 45. Rd1 Ra8 46. Ra1 Nd7 47. a5 Nc5 48. Nc7 Ra7 49. a6 Kg8 50. Ra5 Nb3 51. Nb5 Ra8 52. Ra3 Nd2 53. c5 Ne4 54. a7 Nxc5 55. Nc7 1-0

[Event "EYCC 2017"]
[Site "Mamaia"]
[Date "2017.09.09"]
[Round "5"]
[White "Lehaci, Miruna-Daria"]
[Black "Krasteva, Beloslava"]
[Result "0-1"]
[ECO "B90"]
[WhiteElo "1914"]
[BlackElo "2048"]
[Annotator "NA"]
[PlyCount "53"]
[EventDate "2017.??.??"]
[EventType "swiss"]
[EventCountry "ROU"]
[SourceTitle "playchess.com"]
[Source "ChessBase"]
[SourceQuality "1"]
[TimeControl "40/5400+30:1800+30"]

1. e4 c5 2. Nf3 d6 3. d4 cxd4 4. Nxd4 Nf6 5. Nc3 a6 6. Bc4 e6 7. Bb3 Nbd7 8. Bg5 Nc5 9. f4 Be7 10. Qf3 Qc7 11. O-O b5 12. f5 Nxb3 13. axb3 b4 14. e5 Bb7 15. Ndb5 Qc8 16. Qe2 dxe5 17. fxe6 bxc3 18. Bxf6 gxf6 19. Qh5 Qc5+ 20. Kh1 axb5 21. exf7+ Kf8 22. Rad1 Bd5 23. Qh6+ Kxf7 24. Qh5+ Kg7 25. bxc3 Rhg8 26. Rd3 Kh8 27. Qd1 0-1

[Event "EYCC 2017"]
[Site "Mamaia"]
[Date "2017.09.09"]
[Round "5"]
[White "Grigoryan, Arpine"]
[Black "Represa Perez, Mireya"]
[Result "1/2-1/2"]
[ECO "B51"]
[WhiteElo "1865"]
[BlackElo "2082"]
[Annotator "NA"]
[PlyCount "80"]
[EventDate "2017.??.??"]
[EventType "swiss"]
[EventCountry "ROU"]
[SourceTitle "playchess.com"]
[Source "ChessBase"]
[SourceQuality "1"]
[TimeControl "40/5400+30:1800+30"]

1. e4 c5 2. Nf3 d6 3. Bb5+ Nd7 4. a4 a6 5. Bc4 Ngf6 6. Nc3 e6 7. O-O Be7 8. d4 cxd4 9. Nxd4 O-O 10. Bxe6 fxe6 11. Nxe6 Qa5 12. Nxf8 Nxf8 13. Re1 Be6 14. Nd5 Bxd5 15. exd5 Ng6 16. c4 Rc8 17. b3 Nd7 18. Bb2 Nde5 19. Bxe5 Nxe5 20. f4 Ng6 21. Qg4 Qc5+ 22. Kh1 Kh8 23. Re6 Rf8 24. Rae1 Qf2 25. g3 Bf6 26. Qe2 Qc5 27. Re8 b5 28. f5 Be5 29. Re6 Rxf5 30. Rf1 Rf8 31. Rxf8+ Nxf8 32. Re8 Kg8 33. Qf3 Bf6 34. Qf5 Kf7 35. Rb8 bxc4 36. Qe4 Be5 37. Qf5+ Bf6 38. Qe4 Be5 39. Qf5+ Bf6 40. Qe4 Be5 1/2-1/2

[Event "EYCC 2017"]
[Site "Mamaia"]
[Date "2017.09.09"]
[Round "5"]
[White "Vidruk, Mariia"]
[Black "Aubert, Estee"]
[Result "0-1"]
[ECO "B22"]
[WhiteElo "1848"]
[BlackElo "1800"]
[Annotator "NA"]
[PlyCount "104"]
[EventDate "2017.??.??"]
[EventType "swiss"]
[EventCountry "ROU"]
[SourceTitle "playchess.com"]
[Source "ChessBase"]
[SourceQuality "1"]
[TimeControl "40/5400+30:1800+30"]

1. e4 c5 2. c3 Nf6 3. e5 Nd5 4. d4 cxd4 5. cxd4 e6 6. Nf3 d6 7. Bc4 Be7 8. O-O O-O 9. Bd2 b6 10. Nc3 Nxc3 11. Bxc3 Bb7 12. Re1 Nd7 13. Qe2 Rc8 14. Bb3 dxe5 15. dxe5 Nc5 16. Rad1 Qc7 17. Bc2 a5 18. Qe3 Bd5 19. Nd4 Qb7 20. Qh3 Be4 21. Bxe4 Nxe4 22. Qf3 Nc5 23. Qg4 Rfd8 24. Nb5 Rxd1 25. Rxd1 Qe4 26. Qxe4 Nxe4 27. f3 Nxc3 28. Nxc3 Rc5 29. f4 Rc4 30. g3 g5 31. Rf1 Rd4 32. Kg2 h6 33. Kf3 Bc5 34. Rd1 Rc4 35. Rd2 Kg7 36. Ne4 g4+ 37. Kxg4 Rxe4 38. h4 a4 39. Rc2 Rb4 40. Rd2 Bd4 41. a3 Rc4 42. Kf3 Bc5 43. g4 Rd4 44. Rc2 Rd3+ 45. Kg2 Be3 46. Kf3 Bc5+ 47. Kg2 Rb3 48. f5 Re3 49. f6+ Kg6 50. Rc4 Rxe5 51. Rxa4 Re2+ 52. Kf3 Rxb2 0-1

[Event "EYCC 2017"]
[Site "Mamaia"]
[Date "2017.09.09"]
[Round "5"]
[White "Pawicka, Magdalena"]
[Black "Mustu, Hatice Asli"]
[Result "1/2-1/2"]
[ECO "B80"]
[WhiteElo "1826"]
[BlackElo "1365"]
[Annotator "NA"]
[PlyCount "49"]
[EventDate "2017.??.??"]
[EventType "swiss"]
[EventCountry "ROU"]
[SourceTitle "playchess.com"]
[Source "ChessBase"]
[SourceQuality "1"]
[TimeControl "40/5400+30:1800+30"]

1. e4 c5 2. Nf3 e6 3. d4 cxd4 4. Nxd4 Nf6 5. Nc3 d6 6. Bd3 a6 7. O-O Be7 8. Qe2 O-O 9. Be3 b6 10. Rae1 Bb7 11. f4 Nbd7 12. Nb3 b5 13. a3 Nc5 14. Bf2 Nxd3 15. cxd3 Rc8 16. Nd4 Re8 17. g4 Nd7 18. g5 e5 19. Nf5 exf4 20. Nxe7+ Qxe7 21. h4 Ne5 22. Bd4 f3 23. Qe3 Qe6 24. Rxf3 Nxf3+ 25. Qxf3 1/2-1/2

[Event "EYCC 2017"]
[Site "Mamaia"]
[Date "2017.09.09"]
[Round "5"]
[White "Kostecka, Marika"]
[Black "Cramling Bellon, Anna"]
[Result "0-1"]
[ECO "B90"]
[WhiteElo "1811"]
[BlackElo "1926"]
[Annotator "NA"]
[PlyCount "60"]
[EventDate "2017.??.??"]
[EventType "swiss"]
[EventCountry "ROU"]
[SourceTitle "playchess.com"]
[Source "ChessBase"]
[SourceQuality "1"]
[TimeControl "40/5400+30:1800+30"]

1. e4 c5 2. Nf3 d6 3. d4 cxd4 4. Nxd4 Nf6 5. Nc3 a6 6. Be3 Ng4 7. Bc1 Nf6 8. Be3 Ng4 9. Bg5 h6 10. Bh4 g5 11. Bg3 Bg7 12. h3 Ne5 13. Nf5 Bxf5 14. exf5 Qd7 15. Nd5 Qc6 16. Be2 Nbd7 17. O-O Nf6 18. Ne3 Rd8 19. c4 h5 20. Rc1 Ne4 21. Bh2 g4 22. hxg4 hxg4 23. Nxg4 Nxg4 24. Bxg4 Be5 25. Bxe5 dxe5 26. Qf3 Qh6 27. Qh3 Qg7 28. Qe3 Qxg4 29. f3 Qg3 30. Qxe4 Rd2 0-1

[Event "EYCC 2017"]
[Site "Mamaia"]
[Date "2017.09.09"]
[Round "5"]
[White "Dejanovic, Tereza"]
[Black "Miroshnik, Ekaterina"]
[Result "0-1"]
[ECO "B22"]
[WhiteElo "1808"]
[BlackElo "2006"]
[Annotator "NA"]
[PlyCount "107"]
[EventDate "2017.??.??"]
[EventType "swiss"]
[EventCountry "ROU"]
[SourceTitle "playchess.com"]
[Source "ChessBase"]
[SourceQuality "1"]
[TimeControl "40/5400+30:1800+30"]

1. e4 c5 2. c3 Nf6 3. e5 Nd5 4. d4 cxd4 5. Nf3 e6 6. cxd4 d6 7. Bc4 Be7 8. O-O O-O 9. Re1 Nc6 10. a3 {[%emt 0:06:08] B22: Sicilian: 2 c3} Bd7 (10... b6 11. Qe2 dxe5 12. dxe5 Bb7 13. Bd2 Bc5 14. Nc3 Nxc3 15. Bxc3 Nd4 16. Nxd4 Bxd4 17. Bxd4 Qxd4 {½-½ (31) Howell,D (2688)-So,W (2775) Doha 2015}) 11. Bxd5 exd5 12. Qb3 $146 ({Predecessor:} 12. Nc3 Be6 13. Bf4 dxe5 14. Nxe5 Nxe5 15. Bxe5 Qd7 16. Qb3 Rfc8 17. Rad1 Rc6 {0-1 (38) Kersten,U (2280)-Keymer,V (2428) Schwaebisch Gmuend 2017}) 12... Na5 13. Qd3 h6 14. Bf4 Be6 15. exd6 Bxd6 16. Bxd6 Qxd6 17. Nbd2 Nc4 18. Rab1 Qf4 19. Nxc4 dxc4 20. Qe3 Qxe3 21. fxe3 f5 22. Ne5 Rfd8 23. Red1 Rac8 24. Rbc1 b5 25. g4 Rd6 26. gxf5 Bxf5 27. Rf1 Be6 28. Rf2 a5 29. Rfc2 $11 Kh7 30. Rd2 Bd5 31. Re2 Be4 32. Rf2 Bd5 33. Re2 Be4 34. Rf2 Rf6 35. Rd2 Rd6 36. Rf2 Rf6 37. Rd2 Rf5 38. Rf2 Rf6 39. Rd2 Rf5 40. Rf2 Rf6 41. Rd2 Rcf8 42. a4 b4 43. h4 c3 44. bxc3 bxc3 45. Rxc3 Rf1+ 46. Kh2 Rh1+ 47. Kg3 Rff1 48. Rc7 Rfg1+ 49. Kf4 Rxh4+ 50. Ng4 Rgxg4+ 51. Ke5 Rg5+ 52. Kd6 Rd5+ 53. Ke7 Bh1 54. Rd7 0-1

[Event "EYCC 2017"]
[Site "Mamaia"]
[Date "2017.09.09"]
[Round "5"]
[White "Mkrtchyan, Anahit"]
[Black "Keskinler, Ela"]
[Result "1-0"]
[ECO "B51"]
[WhiteElo "1806"]
[BlackElo "1276"]
[Annotator "NA"]
[PlyCount "43"]
[EventDate "2017.??.??"]
[EventType "swiss"]
[EventCountry "ROU"]
[SourceTitle "playchess.com"]
[Source "ChessBase"]
[SourceQuality "1"]
[TimeControl "40/5400+30:1800+30"]

1. e4 c5 2. Nf3 d6 3. Bb5+ Nc6 4. O-O Bd7 5. c3 Nf6 6. Re1 g6 7. d4 cxd4 8. cxd4 a6 9. Bc4 b5 10. e5 dxe5 11. dxe5 Nxe5 12. Nxe5 bxc4 13. Nxc4 Bc6 14. Nd6+ Kd7 15. Nxf7+ Kc7 16. Bf4+ Kb7 17. Nxd8+ Rxd8 18. Qxd8 Bg7 19. Rxe7+ Nd7 20. Qc7+ Ka8 21. Qxc6+ Ka7 22. Rxd7# 1-0

[Event "EYCC 2017"]
[Site "Mamaia"]
[Date "2017.09.09"]
[Round "5"]
[White "Toncheva, Nadya"]
[Black "Karavitaki, Evaggelia"]
[Result "1-0"]
[ECO "E45"]
[WhiteElo "1802"]
[BlackElo "1703"]
[Annotator "NA"]
[PlyCount "107"]
[EventDate "2017.??.??"]
[EventType "swiss"]
[EventCountry "ROU"]
[SourceTitle "playchess.com"]
[Source "ChessBase"]
[SourceQuality "1"]
[TimeControl "40/5400+30:1800+30"]

1. d4 Nf6 2. c4 e6 3. Nc3 Bb4 4. e3 b6 5. Nge2 Ba6 6. Ng3 O-O 7. Qf3 Nc6 8. a3 Bxc3+ 9. bxc3 Na5 10. e4 Bxc4 11. Bxc4 Nxc4 12. Bg5 h6 13. h4 Re8 14. Bxf6 Qxf6 15. Qxf6 gxf6 16. Nh5 Red8 17. Nxf6+ Kg7 18. Nh5+ Kf8 19. g4 Ke7 20. f4 Ne3 21. Ke2 Nxg4 22. Rag1 Nf6 23. Nxf6 Kxf6 24. e5+ Kf5 25. Rg7 Rg8 26. Rhg1 Rxg7 27. Rxg7 Kxf4 28. Rxf7+ Kg4 29. Rxd7 c5 30. Re7 cxd4 31. cxd4 Kf5 32. Kf3 Rd8 33. Rf7+ Kg6 34. Rf6+ Kh5 35. Ke4 Re8 36. d5 exd5+ 37. Kxd5 b5 38. e6 Kxh4 39. Rxh6+ Kg5 40. Rh7 Kf6 41. Rf7+ Kg6 42. Rxa7 Rb8 43. Kd6 b4 44. axb4 Rxb4 45. Ra1 Rd4+ 46. Ke7 Re4 47. Rg1+ Kh7 48. Kf7 Rf4+ 49. Ke8 Re4 50. e7 Re2 51. Rg4 Ra2 52. Re4 Kg7 53. Kd7 Ra7+ 54. Kc6 1-0

[Event "EYCC 2017"]
[Site "Mamaia"]
[Date "2017.09.09"]
[Round "5"]
[White "Mkrtchyan, Mariam"]
[Black "Bulatova, Kamaliya"]
[Result "1/2-1/2"]
[ECO "A45"]
[WhiteElo "1794"]
[BlackElo "2014"]
[Annotator "NA"]
[PlyCount "134"]
[EventDate "2017.??.??"]
[EventType "swiss"]
[EventCountry "ROU"]
[SourceTitle "playchess.com"]
[Source "ChessBase"]
[SourceQuality "1"]
[TimeControl "40/5400+30:1800+30"]

1. d4 Nf6 2. Bg5 Ne4 3. Bf4 c5 4. f3 Qa5+ 5. c3 Nf6 6. d5 Qb6 7. Bc1 e6 8. e4 exd5 9. exd5 Bd6 10. c4 O-O 11. Bd3 Re8+ 12. Ne2 Bf8 13. Nbc3 d6 14. O-O Nbd7 15. f4 Qd8 16. h3 a6 17. a4 b6 18. Qc2 Rb8 19. g4 g6 20. Ng3 Nxg4 21. hxg4 Qh4 22. Qh2 Qf6 23. Nge2 Qg7 24. g5 f6 25. Ne4 Be7 26. Bd2 b5 27. axb5 axb5 28. b3 b4 29. Ra7 f5 30. N4g3 Qb2 31. Nc1 Bb7 32. Re1 Nf8 33. Ra2 Qd4+ 34. Kh1 Bc8 35. Be3 Qg7 36. Rae2 Qf7 37. Bd2 Bd7 38. Bb1 Ra8 39. Nd3 Ra7 40. Bc1 Bd8 41. Bb2 Rxe2 42. Qxe2 Ra8 43. Bc2 Bc7 44. Qd2 Re8 45. Rf1 Qe7 46. Rf3 Ra8 47. Qc1 h6 48. gxh6 Qh4+ 49. Kg2 Qxh6 50. Rf1 Nh7 51. Ba1 Bd8 52. Rh1 Qf8 53. Qg1 Ra2 54. Qb1 Ra8 55. Nf2 Ra7 56. Nh3 Bf6 57. Bb2 Qg7 58. Bxf6 Qxf6 59. Re1 Kf7 60. Kf3 Ra3 61. Kg2 Ra8 62. Nf1 Qc3 63. Nh2 Qd2+ 64. Kh1 Qc3 65. Kg2 Qd2+ 66. Kh1 Qc3 67. Kg2 Qd2+ 1/2-1/2

[Event "EYCC 2017"]
[Site "Mamaia"]
[Date "2017.09.09"]
[Round "5"]
[White "Samunenkov, Igor"]
[Black "Verma, Shlok"]
[Result "1/2-1/2"]
[ECO "A40"]
[WhiteElo "1794"]
[BlackElo "1658"]
[Annotator "NA"]
[PlyCount "92"]
[EventDate "2017.??.??"]
[EventType "swiss"]
[EventCountry "ROU"]
[SourceTitle "playchess.com"]
[Source "ChessBase"]
[SourceQuality "1"]
[TimeControl "40/5400+30:1800+30"]

1. d4 e6 2. Bf4 g5 3. Bg3 Nc6 4. e3 d6 5. c4 h5 6. f3 Bg7 7. Nc3 Nge7 8. Bd3 f5 9. Nge2 Bd7 10. Bf2 e5 11. d5 Nb4 12. Bb1 Na6 13. h4 Ng6 14. hxg5 Qxg5 15. Qd2 Nc5 16. f4 Qf6 17. Bc2 h4 18. e4 exf4 19. Bd4 Ne5 20. Nxf4 Qg5 21. Bxe5 Bxe5 22. Ne6 Qxd2+ 23. Kxd2 Nxe6 24. dxe6 Bxe6 25. Nd5 Bxd5 26. exd5 Rg8 27. Rxh4 Rxg2+ 28. Kd3 O-O-O 29. Rf1 f4 30. Rh3 Rdg8 31. b4 R2g3+ 32. Rf3 Kd8 33. Ke2 Ke8 34. Be4 Rg2+ 35. Rf2 Rxf2+ 36. Kxf2 Rg3 37. Rxg3 fxg3+ 38. Kf3 Kf7 39. b5 Kf6 40. Bd3 Kg5 41. Be4 Kh4 42. Bf5 g2 43. Kxg2 Kg5 44. Bc8 b6 45. Kf3 Kf6 46. Ke4 Kg5 1/2-1/2

[Event "EYCC 2017"]
[Site "Mamaia"]
[Date "2017.09.09"]
[Round "5"]
[White "Zvereva, Margarita"]
[Black "Zavivaeva, Emilia"]
[Result "1-0"]
[ECO "E16"]
[WhiteElo "1790"]
[BlackElo "1582"]
[Annotator "NA"]
[PlyCount "125"]
[EventDate "2017.??.??"]
[EventType "swiss"]
[EventCountry "ROU"]
[SourceTitle "playchess.com"]
[Source "ChessBase"]
[SourceQuality "1"]
[TimeControl "40/5400+30:1800+30"]

1. d4 Nf6 2. c4 e6 3. Nf3 Bb4+ 4. Bd2 Qe7 5. a3 Bxd2+ 6. Qxd2 b6 7. g3 Bb7 8. Bg2 d6 9. Nc3 Nbd7 10. O-O O-O 11. Qc2 c5 12. Rfd1 Rac8 13. d5 e5 14. Nd2 a6 15. Qa4 Ne8 16. b4 f5 17. bxc5 Rxc5 18. Qb4 Rc8 19. Na4 Rb8 20. Rab1 Bc8 21. Qc3 b5 22. cxb5 axb5 23. Nb2 Nc5 24. Nb3 Nxb3 25. Qxb3 Nf6 26. Nd3 Kh8 27. Nb4 Bb7 28. Qd3 Qd7 29. Nc6 Ra8 30. Qxb5 Ba6 31. Qb2 e4 32. Qd2 Bc4 33. Nb4 Rfc8 34. Ra1 Qb5 35. Bf1 Bb3 36. e3 Qa5 37. Rdc1 Nxd5 38. Rcb1 Nxb4 39. Rxb3 Nc2 40. Qxa5 Rxa5 41. Rc1 h6 42. Rb2 Rac5 43. a4 Na3 44. Rxc5 dxc5 45. Ra2 Nb1 46. Bc4 g6 47. a5 Nc3 48. Ra3 Nb1 49. Ra1 Nd2 50. Bd5 Rc7 51. a6 Ra7 52. Bb7 c4 53. Rc1 Kg7 54. Kg2 h5 55. Rc2 Nb3 56. Rxc4 Na5 57. Rc5 Nxb7 58. Rc7+ Kh6 59. axb7 Rxb7 60. Rxb7 h4 61. gxh4 Kh5 62. Rh7+ Kg4 63. h3# 1-0

[Event "EYCC 2017"]
[Site "Mamaia"]
[Date "2017.09.09"]
[Round "5"]
[White "Sosnina, Ekaterina"]
[Black "Hajiyeva, Laman"]
[Result "0-1"]
[ECO "C03"]
[WhiteElo "1775"]
[BlackElo "1818"]
[Annotator "NA"]
[PlyCount "110"]
[EventDate "2017.??.??"]
[EventType "swiss"]
[EventCountry "ROU"]
[SourceTitle "playchess.com"]
[Source "ChessBase"]
[SourceQuality "1"]
[TimeControl "40/5400+30:1800+30"]

1. e4 e6 2. d4 d5 3. Nd2 a6 4. Ngf3 c5 5. c3 Nc6 6. Bd3 Nf6 7. O-O c4 8. Bc2 Be7 9. h3 O-O 10. e5 Nd7 11. Nh2 f6 12. exf6 Nxf6 13. Ndf3 Qe8 14. Ne5 Bd6 15. f4 g6 16. Qe1 Ne7 17. Nhf3 b5 18. Ng5 h6 19. Ngf3 Kg7 20. Nh4 Bxe5 21. fxe5 Nh5 22. g4 Rxf1+ 23. Qxf1 Ng3 24. Qf6+ Kh7 25. Be3 Bd7 26. Kg2 Ne4 27. Bxe4 dxe4 28. Rf1 Nd5 29. Qf7+ Qxf7 30. Rxf7+ Kg8 31. Rxd7 Nxe3+ 32. Kf2 Nd1+ 33. Ke2 Nxb2 34. Nxg6 Na4 35. Kd2 e3+ 36. Kxe3 Nxc3 37. h4 Nd5+ 38. Kd2 b4 39. g5 hxg5 40. h5 c3+ 41. Kc1 Nf4 42. h6 Nxg6 43. Rg7+ Kh8 44. Rxg6 Rf8 45. Rxe6 Rf1+ 46. Kc2 Rf2+ 47. Kb1 Rb2+ 48. Ka1 a5 49. Rg6 a4 50. Rb6 b3 51. axb3 axb3 52. Ra6 Rd2 53. Ra8+ Kh7 54. Ra7+ Kxh6 55. Ra6+ Kh5 0-1

[Event "EYCC 2017"]
[Site "Mamaia"]
[Date "2017.09.09"]
[Round "5"]
[White "Vanduyfhuys, Daria"]
[Black "Katkov, Michelle"]
[Result "1-0"]
[ECO "E15"]
[WhiteElo "1775"]
[BlackElo "1845"]
[Annotator "NA"]
[PlyCount "119"]
[EventDate "2017.??.??"]
[EventType "swiss"]
[EventCountry "ROU"]
[SourceTitle "playchess.com"]
[Source "ChessBase"]
[SourceQuality "1"]
[TimeControl "40/5400+30:1800+30"]

1. d4 Nf6 2. c4 e6 3. Nf3 b6 4. g3 Bb4+ 5. Bd2 a5 6. Nc3 Bxc3 7. Bxc3 Ne4 8. Rc1 O-O 9. Bg2 Nxc3 10. Rxc3 Bb7 11. O-O d6 12. Qc2 Nc6 13. a3 Qf6 14. Rd1 Rab8 15. e4 e5 16. d5 Ne7 17. b4 axb4 18. axb4 Bc8 19. Ra1 Bg4 20. Ra7 Nc8 21. Ra1 Ne7 22. Rca3 c6 23. Nd2 cxd5 24. exd5 Nf5 25. Qe4 Qg5 26. Nb3 Ne7 27. Qe3 Qxe3 28. fxe3 Rfc8 29. Ra7 Nf5 30. Re1 Rxc4 31. h3 Rxb4 32. hxg4 Nxg3 33. Kh2 Rxg4 34. Rea1 Rb4 35. Kxg3 Rxb3 36. Kf3 Rb5 37. Ke4 Rd8 38. Rf1 f6 39. Bh3 Ra5 40. Be6+ Kh8 41. Rb7 Ra4+ 42. Kf3 Rh4 43. Rb1 g6 44. R1xb6 f5 45. Rb8 Rxb8 46. Rxb8+ Kg7 47. Rb6 e4+ 48. Kg3 Rg4+ 49. Kf2 h5 50. Rxd6 h4 51. Rc6 h3 52. Rc7+ Kf6 53. Rh7 Rg2+ 54. Kf1 Rg3 55. d6 Rg2 56. Ke1 Rb2 57. Bc8 Rb3 58. Rxh3 Rd3 59. d7 g5 60. Rh8 1-0